Map: Central Protocol

Players

Autocracy

  • Race: Terran Terran
  • League: Gold

EunKyo - Winner!

  • Race: Zerg Zerg
  • League: Diamond

VOD

Have the link to the VOD?

Description

Time

  • Played on: Jan. 7, 2016, 8:21 p.m.
  • Length: 29:17
Show
View Real Time Build Order
Export as new Build Order

Autocracy Terran 

Build Orders: Liberator Opening, MMM Bio 

Get SALT Encoding   

  12  0:01  SCV  
  13  0:13  SCV  
  14  0:17  Supply Depot  
  14  0:25  SCV  
  15  0:39  SCV  
  16  0:42  Barracks  
  16  0:45  Refinery  
  16  0:51  SCV  
  17  1:05  SCV  
  18  1:19  SCV  
  19  1:31  SCV  
  19  1:32  Command Center  
  20  1:33  Reaper  
  21  1:43  Orbital Command  
  21  2:04  Supply Depot  
  21  2:12  SCV, Barracks Reactor  
  22  2:16  Refinery  
  22  2:25  Factory  
  22  2:26  SCV  
  23  2:38  SCV  
  25  2:54  Marine x2  
  26  2:58  Orbital Command  
  26  3:00  SCV  
  27  3:12  Marine x2  
  29  3:13  Hellion  
  31  3:20  SCV  
  31  3:24  Starport  
  32  3:31  SCV  
  32  3:32  SCV  
  34  3:35  Hellion  
  34  3:39  Marine  
  34  3:40  Marine  
  38  3:42  Liberator  
  38  3:43  SCV  
  39  3:50  SCV  
  39  3:55  SCV  
  41  3:56  Hellion  
  46  4:23  SCV  
  46  4:33  Orbital Command  
  46  4:37  Command Center  
  46  4:50  Starport Reactor  
  46  4:51  Supply Depot, Factory Tech Lab  
  46  4:52  Supply Depot  
  46  5:12  SCV, Marine x2  
  49  5:16  Liberator  
  49  5:17  Liberator  
  49  5:18  Barracks  
  49  5:19  SCV, Barracks  
  50  5:24  SCV  
  51  5:30  Marine x2  
  51  5:31  SCV  
  60  5:36  SCV  
  61  5:43  SCV  
  61  5:48  Siege Tank  
  61  5:49  SCV, Marine x2  
  67  5:55  SCV  
  69  6:01  SCV  
  69  6:04  Engineering Bay  
  70  6:07  SCV, Marine  
  70  6:08  Barracks Tech Lab, Orbital Command  
  70  6:09  Barracks Tech Lab  
  70  6:11  Marine  
  69  6:13  SCV  
  69  6:18  Barracks  
  71  6:19  SCV, Barracks  
  71  6:20  Siege Tank  
  71  6:23  Refinery  
  71  6:25  Marine  
  76  6:26  Refinery  
  76  6:29  Supply Depot  
  76  6:32  Marine  
  77  6:33  Bunker  
  77  6:35  Stimpack  
  77  6:36  Combat Shields  
  77  6:48  SCV, Medivac x2, Marine x2  
  77  6:50  Supply Depot  
  77  6:52  Supply Depot  
  77  6:53  Marine x2  
  86  6:55  SCV  
  86  7:00  SCV  
  86  7:01  Supply Depot  
  88  7:07  SCV  
  89  7:10  Missile Turret  
  89  7:12  SCV  
  89  7:13  Missile Turret, Marine x3  
  89  7:14  Marine  
  94  7:19  SCV  
  56  7:54  Orbital Command x2  
  56  8:03  Marine x2  
  56  8:04  Marauder  
  60  8:09  Marine  
  60  8:12  SCV  
  62  8:21  SCV x2, Marine x2  
  62  8:24  SCV  
  62  8:25  Marauder  
  69  8:27  Marine  
  69  8:31  Barracks Reactor x2  
  69  8:33  SCV  
  72  8:36  SCV  
  72  8:39  Marine  
  72  8:45  Marauder  
  72  8:47  Marauder  
  71  8:51  Orbital Command  
  64  8:59  Marine  
  64  9:00  Marine  
  60  9:07  Marauder  
  60  9:08  Marine  
  60  9:09  SCV x2  
  65  9:17  Marine x2  
  65  9:21  SCV x2, Marine x2  
  65  9:22  Marine x2  
  73  9:26  Marauder  
  73  9:28  Marine  
  76  9:33  SCV x2  
  76  9:35  SCV, Marine x2  
  81  9:39  Marine x2  
  81  9:40  Marine  
  81  9:41  Marine  
  81  9:45  SCV x2, Widow Mine  
  86  9:46  Marauder  
  86  9:47  SCV, Marauder  
  90  9:53  Marine  
  90  9:55  Marine  
  90  9:57  Marine x2  
  90  9:58  Marine  
  90  9:59  Marine  
  83  10:07  Marine  
  83  10:08  Marine  
  83  10:11  Marine  
  83  10:13  Marine  
  87  10:15  Marine x2  
  87  10:16  Marine  
  87  10:17  Marine  
  91  10:25  Marine  
  91  10:26  Marine  
  89  10:28  Marine  
  89  10:31  Marine  
  89  10:32  Marine x2  
  89  10:34  Marine x2  
  83  10:43  Marauder  
  83  10:44  Marine  
  83  10:46  SCV x2, Barracks x2, Marine  
  83  10:48  Barracks  
  86  10:53  Marine  
  86  10:54  Marine x2  
  86  10:57  Marine x2  
  78  10:58  SCV  
  78  11:02  SCV, Marauder  
  84  11:04  Marauder, Marine  
  84  11:07  Missile Turret  
  84  11:10  SCV  
  84  11:11  Marine x2  
  86  11:12  Marine  
  86  11:13  Terran Infantry Weapons Level 1  
  86  11:14  SCV, Marine  
  86  11:18  Marine  
  92  11:21  Medivac  
  92  11:22  Medivac, Marine  
  92  11:24  Marauder  
  92  11:25  Marine  
  99  11:27  Armory  
  99  11:29  Marine x2  
  102  11:37  Refinery  
  102  11:44  Command Center  
  102  11:47  Barracks Reactor x2  
  102  11:49  Barracks Reactor  
  102  11:51  Medivac, Widow Mine  
  102  11:52  Medivac  
  108  11:57  Marauder, Marine x2  
  108  11:59  Marine x2  
  114  12:07  Marine x2  
  114  12:08  Marauder  
  118  12:14  Marine  
  118  12:15  Marine  
  120  12:21  Medivac  
  120  12:22  Medivac  
  124  12:26  Thor  
  124  12:29  Marine  
  131  12:30  Marauder, Marine x3  
  136  12:37  Marine  
  136  12:38  Marine, Marauder  
  139  12:46  Marine x2  
  140  12:51  Marauder  
  129  12:59  Marine x4  
  129  13:00  Marine, Marauder  
  136  13:08  Marine  
  136  13:09  Marine  
  136  13:11  Marine  
  136  13:12  Marine x2  
  141  13:13  Marauder  
  141  13:19  Marine  
  143  13:20  Marine x2  
  143  13:21  Marauder, Marine  
  143  13:24  Marine  
  143  13:25  Marine x2  
  149  13:42  Marine x3  
  149  13:47  Planetary Fortress  
  147  13:49  Marine  
  115  14:09  Marine x3  
  116  14:16  Marauder, Marine x4  
  116  14:17  Marauder  
  124  14:20  Marine x4  
  124  14:21  Marine  
  129  14:27  Marine x2  
  129  14:28  SCV x2  
  133  14:31  SCV x2  
  133  14:37  Marine  
  133  14:38  Marauder x2  
  140  14:39  Marine x5  
  140  14:40  SCV x2, Marine  
  140  14:43  SCV x2  
  150  14:52  SCV x2  
  152  14:59  Marauder  
  154  15:04  Marine  
  154  15:05  Marauder, Marine x5  
  154  15:06  Marine x2  
  163  15:21  Marine, Marauder  
  151  15:22  Marine x4  
  151  15:27  Marauder  
  157  15:32  Marine x4  
  157  15:33  Marine x3  
  161  15:39  Marine  
  161  15:41  Marine x2  
  161  15:42  Marauder, Marine x2  
  155  15:48  Marauder  
  155  15:49  Medivac x2  
  153  15:57  Thor  
  153  16:03  Marauder  
  161  16:05  Marine x3  
  164  16:14  Marine  
  164  16:17  Marine  
  164  16:18  Marine x5  
  151  16:31  Marauder x2, Marine x4  
  159  16:33  Marine  
  159  16:34  Marine  
  159  16:35  Marine x3  
  164  16:42  Medivac x2  
  164  16:43  SCV x3  
  171  16:49  Marine  
  171  16:50  Marine x2  
  171  16:52  Marine x2  
  171  16:53  Marauder x2  
  180  17:16  Marine  
  180  17:17  Marine x2  
  180  17:18  Marine  
  180  17:21  Widow Mine, Marauder  
  179  17:22  Medivac  
  179  17:26  Marine  
  179  17:27  Marauder, Marine x2  
  180  17:32  Marine  
  180  17:59  Supply Depot  
  180  18:01  Supply Depot  
  180  18:05  Liberator  
  180  18:14  Marine  
  180  18:15  Marine x2  
  180  18:16  Marine  
  180  18:17  Marauder  
  180  18:20  Marine x4, Widow Mine  
  180  18:21  Marauder  
  180  18:22  Marine x4  
  195  18:32  Marine  
  196  18:47  Liberator  
  159  18:48  Liberator  
  196  18:51  Marauder  
  196  19:02  Widow Mine  
  196  19:03  Marauder  
  196  19:04  Marine x6  
  165  19:12  Marauder  
  137  19:29  Marine  
  137  19:30  Liberator, Marine x4, Marauder  
  137  19:31  Widow Mine, Marine x5  
  110  19:32  Marine x2  
  110  19:33  Marauder  
  104  19:48  Marine x5  
  104  19:49  Marine x2  
  104  19:51  Marauder  
  118  19:55  Marauder  
  118  19:59  Widow Mine  
  119  20:02  Marine x3  
  119  20:06  Marine  
  124  20:12  Marauder  
  125  20:16  Marauder  
  124  20:28  Widow Mine  
  117  20:32  Marine x2  
  117  20:34  Marine x3  
  117  20:35  Marauder  
  92  20:52  Marine x2  
  92  20:56  Widow Mine  
  96  21:17  Marine x3  
  96  21:18  Marauder  
  78  21:24  Marine  
  78  21:25  Widow Mine  
  55  21:37  Marine  
  54  21:41  Marine x2  
  54  21:45  Orbital Command  
  51  21:55  Marine  
  51  21:56  Marine  
  49  22:02  Marine  
  49  22:04  Marine  
  49  22:06  Marine  
  49  22:14  Marine x2  
  51  22:18  Marine  
  52  22:28  Medivac x2  
  54  22:32  Marine x3  
  54  22:34  Marine  
  54  22:35  Marauder  
  54  22:36  Marine  
  57  22:40  Marauder, Marine  
  57  22:42  Marine  
  61  22:46  Marine  
  62  22:52  Marine x3  
  62  22:53  Marine  
  62  22:57  Marine x2, Marauder  
  62  22:58  Medivac x2, Marine  
  75  22:59  Marine  
  75  23:00  Orbital Command  
  75  23:02  Marauder  
  78  23:12  Marine x3  
  79  23:13  Marine  
  79  23:18  Marauder  
  84  23:23  Marauder, Marine x4  
  84  23:24  Marine x2  
  84  23:38  Marine  
  84  23:39  Marauder, Marine x3  
  81  23:44  Marauder  
  82  23:49  Marine  
  82  23:50  Marine x2  
  79  23:59  Marine x3  
  79  24:01  Marauder  
  80  24:03  Marine  
  80  24:06  Marauder  
  80  24:07  Marine  
  80  24:11  Marine  
  79  24:22  Marauder  
  70  24:24  Marine x2  
  70  24:25  Marine  
  70  24:27  Marauder  
  64  24:35  Marine  
  64  24:36  Marine  
  64  24:40  Liberator, Marine  
  64  24:42  Marine x2  
  64  24:44  Marine, Marauder  
  64  24:45  Marine  
  71  24:48  Marine  
  71  24:49  Marine x2  
  71  24:51  Marine  
  75  24:52  Widow Mine  
  80  25:00  Marine x2  
  80  25:02  Marine  
  80  25:07  Marine x5  
  83  25:08  Marine  
  88  25:20  Marine x2  
  68  25:25  Marine x2  
  68  25:26  Marauder, Marine x2  
  68  25:40  Marine  
  68  25:41  Marauder, Marine x5  
  76  25:43  Marine x2  
  76  25:44  Marine  
  76  25:47  Marauder  
  71  25:54  Marine  
  69  25:58  Marine  
  52  26:06  Marine  
  44  26:19  Marine x2  
  44  26:23  Marine  
  38  26:36  SCV  
  38  26:38  Marine  
  38  26:46  Marine  
  39  26:50  Widow Mine  
  41  26:57  SCV  
  41  27:00  SCV  
  43  27:02  Orbital Command  
  43  27:06  Marine  
  44  27:12  Marine  
  45  27:23  Marine x2  
  45  27:25  Marine  
  48  27:30  Marine  
  48  27:34  Marine  
  49  27:41  Marine x2  
  51  27:46  Marine  
Show
View Real Time Build Order
Export as new Build Order

EunKyo Zerg - Winner!

Build Orders: Pool First, Muta Ling Bane 

Get SALT Encoding   

  12  0:01  Drone  
  13  0:08  Drone  
  14  0:16  Overlord  
  14  0:36  Drone x3  
  17  0:44  Spawning Pool  
  17  0:47  Extractor  
  15  0:51  Drone  
  16  1:17  Drone  
  17  1:24  Hatchery  
  16  1:31  Queen  
  18  1:34  Drone  
  19  1:44  Overlord  
  19  1:47  Zergling x2  
  20  1:54  Metabolic Boost  
  20  2:07  Zergling x6  
  23  2:18  Drone  
  24  2:30  Lair  
  24  2:34  Drone, Extractor  
  24  2:39  Queen  
  24  2:41  Drone  
  27  2:52  Drone  
  27  2:57  Drone x3  
  31  3:04  Drone  
  32  3:13  Drone  
  32  3:14  Baneling Nest  
  32  3:15  Drone  
  32  3:19  Zergling x2  
  34  3:21  Zergling x2  
  34  3:26  Zergling x2  
  36  3:35  Overlord x2  
  35  3:54  Roach Warren  
  34  4:06  Drone x3  
  34  4:07  Overlord x2  
  37  4:12  Centrifical Hooks  
  33  4:28  Zergling x2  
  33  4:29  Zergling x8  
  37  4:33  Zergling x4  
  37  4:37  Zergling x2  
  40  4:47  Spire  
  40  4:48  Zergling x2  
  40  4:58  Drone  
  40  4:59  Drone x3  
  44  5:06  Overlord  
  44  5:25  Roach x2  
  48  5:33  Spore Crawler  
  46  5:48  Hatchery  
  45  5:54  Zergling x10  
  50  6:01  Mutalisk x3  
  50  6:04  Zergling x2  
  54  6:10  Drone x3  
  57  6:21  Overseer  
  57  6:23  Overlord  
  57  6:26  Mutalisk  
  57  6:27  Extractor  
  57  6:34  Baneling x4  
  57  6:36  Drone  
  58  6:43  Drone x2  
  58  6:44  Drone  
  61  6:47  Drone  
  61  6:50  Drone  
  61  6:51  Drone  
  64  6:54  Baneling x2  
  64  6:56  Baneling  
  64  6:57  Baneling  
  64  7:03  Drone  
  64  7:04  Drone  
  66  7:36  Mutalisk x4  
  66  7:37  Mutalisk x2  
  60  7:41  Zergling x10  
  67  7:48  Zergling x6  
  64  7:58  Drone x2  
  64  8:03  Baneling x4  
  63  8:22  Drone x7  
  63  8:23  Drone  
  63  8:25  Corruptor x2  
  75  8:34  Drone x5  
  77  8:41  Evolution Chamber  
  70  9:01  Zergling x2  
  70  9:02  Zergling x20  
  76  9:07  Zerg Melee Weapons Level 1  
  76  9:12  Infestation Pit  
  76  9:16  Drone x2  
  76  9:17  Drone  
  78  9:21  Spine Crawler  
  78  9:23  Overseer  
  77  9:25  Baneling x2  
  77  9:26  Baneling x8  
  77  9:29  Zergling x10  
  77  9:31  Drone, Queen, Extractor  
  81  9:35  Drone x2  
  86  9:41  Spine Crawler  
  86  9:45  Drone x2  
  87  9:47  Extractor  
  79  9:58  Zergling x4  
  79  9:59  Zergling x8  
  80  10:03  Zergling x4  
  80  10:07  Baneling x5  
  80  10:09  Hive  
  78  10:28  Queen  
  72  10:29  Drone x8  
  72  10:30  Drone  
  76  10:43  Zergling x10  
  76  10:45  Overlord x3  
  74  10:59  Zergling x14  
  80  11:17  Baneling x5  
  80  11:18  Baneling x4  
  80  11:31  Zergling x4  
  80  11:32  Ultralisk Cavern, Zergling x8  
  86  11:33  Queen  
  86  11:36  Hatchery  
  86  11:38  Zergling x12  
  86  11:39  Zergling x2  
  93  11:46  Evolution Chamber  
  92  11:47  Corruptor  
  92  11:48  Corruptor  
  92  11:51  Zerg Melee Weapons Level 2  
  96  11:56  Baneling x5  
  96  12:00  Baneling  
  96  12:02  Mutalisk x2  
  96  12:05  Overlord  
  96  12:06  Extractor  
  99  12:16  Baneling x4  
  99  12:23  Ultralisk  
  99  12:26  Ultralisk  
  111  12:30  Overlord  
  111  12:51  Ultralisk, Chitinous Plating  
  113  13:03  Spine Crawler  
  113  13:04  Ultralisk  
  118  13:07  Drone  
  119  13:16  Overlord  
  119  13:17  Overlord  
  119  13:27  Overlord x2  
  119  13:31  Adrenal Glands  
  101  14:11  Zergling x2  
  101  14:12  Zergling x40  
  101  14:16  Zerg Ground Armor Level 1  
  122  14:29  Zerg Flyer Weapons Level 1  
  122  14:30  Hatchery  
  122  14:31  Zergling x8  
  124  14:32  Extractor x2  
  124  14:33  Zerg Melee Weapons Level 3  
  124  14:35  Baneling x3  
  124  14:36  Baneling x5  
  123  14:39  Baneling x4  
  123  14:40  Zergling x2  
  124  14:54  Overseer x3  
  124  14:59  Zergling x2  
  125  15:00  Zergling x8  
  125  15:02  Baneling x2  
  129  15:25  Overlord  
  129  15:26  Overlord x2  
  120  15:41  Hatchery  
  118  15:48  Zergling x10  
  118  15:49  Zergling x4  
  124  15:55  Zergling x2  
  125  16:06  Hatchery  
  125  16:08  Zergling x4  
  125  16:11  Baneling x5  
  106  16:29  Baneling x3  
  106  16:30  Baneling x5  
  106  16:31  Zergling x8  
  110  16:38  Zergling x12  
  116  16:45  Zergling x4  
  118  17:00  Spine Crawler  
  118  17:01  Baneling x5  
  117  17:02  Baneling x3  
  117  17:11  Overseer  
  114  17:32  Zergling x4  
  114  17:33  Zergling x18  
  126  17:37  Drone  
  126  17:39  Queen  
  128  17:48  Mutalisk x4  
  136  17:55  Overseer x2  
  132  18:13  Mutalisk x3, Drone x2  
  132  18:14  Mutalisk  
  142  18:32  Baneling  
  142  18:43  Overlord  
  142  18:52  Overlord  
  142  18:53  Overlord  
  108  19:11  Zergling x2  
  108  19:12  Zergling x10  
  108  19:16  Zergling x4  
  110  19:17  Zergling x2  
  110  19:29  Zergling x2  
  110  19:30  Zergling x6  
  110  19:34  Zergling x2  
  108  19:39  Drone  
  108  19:48  Baneling x4  
  108  20:05  Hatchery  
  107  20:10  Baneling x3  
  107  20:11  Baneling  
  107  20:16  Baneling x2  
  107  20:17  Zergling x8  
  98  20:30  Zergling x2  
  98  20:31  Zergling x6  
  86  20:39  Zergling x2  
  86  20:41  Baneling x7  
  86  20:44  Zergling x2  
  85  21:04  Zergling x8  
  69  21:18  Zergling x4  
  69  21:19  Zergling x4  
  59  21:26  Zergling x4  
  59  21:27  Zergling x2  
  59  21:37  Zergling x4  
  61  21:44  Baneling x4  
  61  21:45  Baneling  
  59  21:48  Drone x2  
  57  22:05  Zergling x4  
  53  22:10  Overseer x2, Zergling x4  
  53  22:11  Overseer  
  55  22:16  Zergling x2  
  55  22:17  Zergling x4  
  55  22:18  Zergling x2  
  55  22:19  Zergling x6  
  62  22:42  Drone x4  
  66  22:50  Overlord x2  
  66  22:57  Baneling x5  
  66  23:01  Zergling x4  
  68  23:09  Hatchery  
  63  23:17  Zergling x4  
  63  23:18  Zergling x6  
  62  23:35  Zergling x16  
  62  23:36  Zergling x2  
  68  23:41  Spine Crawler  
  66  23:49  Baneling  
  66  23:51  Zergling x6  
  65  24:01  Baneling x2  
  65  24:02  Baneling x2  
  64  24:03  Overseer  
  64  24:06  Mutalisk x2  
  67  24:18  Queen  
  65  24:25  Zergling x8  
  63  24:36  Drone  
  63  24:38  Baneling  
  63  24:56  Queen  
  63  24:57  Zergling x4  
  63  24:58  Zergling x2  
  63  24:59  Baneling x3  
  68  25:05  Drone x2  
  69  25:14  Zergling x2  
  65  25:32  Zergling x12  
  63  25:43  Baneling x2  
  63  25:48  Zergling x4  
  63  25:49  Zergling x4  
  65  25:55  Zergling x2  
  58  26:07  Zergling x6  
  58  26:08  Baneling x2, Zergling x2  
  58  26:09  Baneling x2  
  52  26:21  Zergling x6  
  54  26:43  Baneling  
  54  26:53  Baneling x3  
  54  26:55  Zergling x4  
  56  27:14  Baneling  
  56  27:15  Baneling x3  
  56  27:16  Baneling  
  56  27:17  Overlord  
  56  27:22  Overlord  
  56  27:46  Zergling x14  
  62  28:26  Zergling x4  
Tags
 
Add a new tag
Caveats
  • Supply blocks, unpowered buildings, or Contaminate may cause inaccurate times.
  • Supply counts are checked every 10 seconds.